 Dungeon Crawl Stone Soup version 0.22.1-2-g9c5b331 (webtiles) character file.

58 Harpaggios the Sneak (level 4, -5/21 HPs)
             Began as a Vine Stalker Enchanter on Jan 2, 2019.
             Slain by Sigmund
             ... wielding a +0 scythe
              (8 damage)
             ... on level 2 of the Dungeon.
             The game lasted 00:03:47 (1290 turns).

Harpaggios the Sneak (Vine Stalker Enchanter)       Turns: 1290, Time: 00:03:50

Health: -5/21      AC:  2    Str: 11    XL:     4   Next: 2%
Magic:  0/8        EV: 12    Int: 15    God:
Gold:   60         SH:  0    Dex: 15    Spells: 4/7 levels left

rFire    . . .     SeeInvis .   a - +1 dagger
rCold    . . .     Gourm    .   (no shield)
rNeg     . . .     Faith    .   b - +0 robe
rPois    .         Spirit   +   (no helmet)
rElec    .         Reflect  .   (no cloak)
rCorr    .         Harm     .   (no gloves)
MR       .....                  (no boots)
Stlth    +.........             (no amulet)
HPRegen  0.47/turn              (no ring)
MPRegen  0.11/turn              (no ring)

@: confused, slowed, very slow
A: fangs 2, regeneration 1, magic shield, antimagic bite, no potion heal 3, rot
immunity
a: no special abilities


You were on level 2 of the Dungeon.
You were very hungry.

You visited 1 branch of the dungeon, and saw 2 of its levels.

You collected 60 gold pieces.

Inventory:

Hand Weapons
 a - a +1 dagger (weapon)
 f - a +2 dagger of venom
Armour
 b - a +0 robe (worn)
Jewellery
 c - an uncursed amulet of faith {unknown}
Scrolls
 g - a scroll of remove curse
Potions
 e - a potion of lignification {unknown}
 h - 3 potions of mutation {unknown}
 i - 2 potions of haste {unknown}
 j - a potion of curing {unknown}
Comestibles
 d - 3 rations


   Skills:
 + Level 1.6 Short Blades
 + Level 2.0 Dodging
 + Level 4.2 Stealth
 - Level 2.1 Spellcasting
 * Level 3.8 Hexes


You had 4 spell levels left.
You knew the following spells:

 Your Spells              Type           Power        Failure   Level  Hunger
a - Corona                Hex            ##.....      4%          1    #......
b - Ensorcelled Hibernat  Hex/Ice        #.....       16%         2    ###....

Your spell library contained the following spells:

 Spells                   Type           Power        Failure   Level  Hunger
 Confuse                  Hex            ##......     14%         3    ###....
 Tukima's Dance           Hex            ##......     14%         3    ###....
 Dazzling Spray           Conj/Hex       #.....       30%         3    ###....


Dungeon Overview and Level Annotations

Branches:
Dungeon (2/15)

Altars:

Annotations:
D:2 Natasha, Sigmund


Innate Abilities, Weirdness & Mutations

You have extremely sharp teeth.
Your natural rate of healing is unusually fast.
When hurt, damage is shared between your health and your magic reserves.
Your bite disrupts and absorbs the magic of your enemies.
Potions cannot restore your health.
You are immune to rotting.


Message History

The puff of flame hits you!
Natasha casts a spell.
Unknown command.
Something hits you!
Ouch! That really hurt!
You see here a stone.
Natasha casts a spell at you. The magic dart hits you!
* * * LOW HITPOINT WARNING * * *
Items here: ( ))) รทรท You hear some strange, mumbled words.
You are confused.
There is a stone staircase leading up here.
Natasha wildly gestures.
Natasha shimmers violently.
The shadow imp picks up a beetle and eats it.
Natasha claws you.
* * * LOW HITPOINT WARNING * * *
Something hits you!
You die...

.###.## #.###...#....
.##...####.....#.#..#
...###......#......
...# #.####...##.#.#
...# #......#....#.#
###...#####.5.##.#.#
##### ##.###.#.# #.#
#.#.# # #h# #@#.#.#.#
#.# #h#.....#
######## #h# #5.#
.......## ##.###.)#
######>.# #...##5.# #
# ##.###.#..#..##.# #
#..............# #
########.#..########
# #.#..........


You could see Natasha and 2 shadow imps.

Vanquished Creatures
  Natasha (D:2)
  2 oozes
  2 dart slugs (D:1)
  3 bats (D:1)
  2 giant cockroaches (D:1)
  4 goblins
  2 ball pythons (D:1)
  3 kobolds
  4 rats
23 creatures vanquished.

Notes
Turn   | Place    | Note
-------+----------+-------------------------------------------
     0 | D:1      | Harpaggios the Vine Stalker Enchanter began the quest for
                  | the Orb.
     0 | D:1      | Reached XP level 1. HP: 9/9 MP: 4/4
    24 | D:1      | Reached skill level 1 in Short Blades
    40 | D:1      | Reached XP level 2. HP: 10/13 MP: 6/6
   475 | D:1      | Reached skill level 4 in Stealth
   881 | D:2      | Noticed Natasha
   882 | D:2      | Reached XP level 3. HP: 14/16 MP: 7/7
   893 | D:2      | Killed Natasha
   963 | D:2      | Learned a level 2 spell: Ensorcelled Hibernation
  1068 | D:2      | Noticed Sigmund
  1176 | D:2      | Gained mutation: Your natural rate of healing is unusually
                  | fast. [Vine Stalker growth]
  1176 | D:2      | Reached XP level 4. HP: 21/21 MP: 8/8
  1269 | D:2      | Noticed Natasha
  1290 | D:2      | Slain by Sigmund

Skill      XL: |  1  2  3 |
---------------+----------+-----
Short Blades   | 1 |  1.6
Stealth        | 4 |  4.2
Dodging        | 2 |  2.0
Spellcasting   | |  2.1
Hexes          | |  3.8

Action                   |  1- 3 |  4- 6 || total
-------------------------+-------+-------++-------
Melee: Dagger            |    70 |     3 ||    73
       Bite              |    19 |     1 ||    20
 Cast: Corona            |     1 |       ||     1
       Ensorcelled Hiber |       |     1 ||     1
  Use: Scroll            |     3 |       ||     3
 Stab: Sleeping          |     5 |     1 ||     6
Armor: Robe              |    17 |       ||    17
Dodge: Dodged            |    43 |     3 ||    46
